[Event "MČR v bleskovém šachu družstev 2019"]
[Site "Teplice, Czech Republic"]
[Date "2019.09.14"]
[Round "3.4"]
[White "Vymazal, Bronislav"]
[Black "Krutsky, Martin"]
[Result "1-0"]
[TimeControl "3 mim. + 2 s"]
[WhiteFideId "318396"]
[BlackFideId "361526"]
[WhiteElo "2309"]
[BlackElo "1974"]

1. g3 Nf6 2. Bg2 d5 3. f4 c5 4. Nf3 Nc6 5. O-O e6 6. d3 Be7 7. Nc3 O-O 8. e4 b6 9. e5 Ne8 10. Kh1 a6 11. d4 cxd4 12.
Ne2 f6 13. Nexd4 Nxd4 14. Nxd4 Qc7 15. Re1 fxe5 16. fxe5 g6 17. Bh6 Ng7 18. Qg4 Rf7 19. Bxg7 Kxg7 20. Nxe6+ Bxe6 21. Qxe6 Rd8 22. Bxd5 Rf2 23. c4 Bc5 24. Rf1 Rdf8 25. Bg2 Rxf1+ 26. Rxf1 Rxf1+ 27. Bxf1 Qd8 28. Qd5 Qf8 29. Qg2 Qf5 30. Qe2 Bd4 31. e6 Bxb2 32.
Qxb2+ 1-0

[Event "MČR v bleskovém šachu družstev 2019"]
[Site "Teplice, Czech Republic"]
[Date "2019.09.14"]
[Round "3.5"]
[White "Jirovsky, Milos"]
[Black "Formanek, Martin"]
[Result "1-0"]
[TimeControl "3 mim. + 2 s"]
[WhiteTitle "GM"]
[WhiteFideId "303224"]
[BlackFideId "316768"]
[WhiteElo "2499"]
[BlackElo "2230"]

1. Nf3 g6 2. d4 Bg7 3. g3 d6 4. Bg2 Nc6 5.
O-O e5 6. dxe5 dxe5 7. Qxd8+ Nxd8 8. Nc3 Ne6 9. Rd1 Ne7 10. a4 O-O 11. a5 a6 12. Ra4 h6 13. b3 f5 14. Ba3 c5 15.
Nd5 Re8 16. Nd2 e4 17. Nxe7+ Rxe7 18. Rc4 Rc7 19. f3 e3 20. Nf1 Bd7 21. Nxe3 Bb5 22. Nd5 Rd7 23. f4 Rad8 24. Rd3 Nd4 25. Bxc5 Bxc4 26. bxc4 Ne6 27. Bb6 Kf7 28. Bxd8 Rxd8 29. Nb6 Bd4+ 30. e3 Bxb6 31.
axb6 Rc8 32. Bxb7 Rxc4 33. Bd5 Rxc2 34. b7 Rb2 35. Rb3 1-0

[Event "MČR v bleskovém šachu družstev 2019"]
[Site "Teplice, Czech Republic"]
[Date "2019.09.14"]
[Round "3.6"]
[White "Dvorak, Jan"]
[Black "Sokolov, Alexander"]
[Result "0-1"]
[TimeControl "3 mim. + 2 s"]
[BlackTitle "FM"]
[WhiteFideId "314870"]
[BlackFideId "4119177"]
[WhiteElo "2229"]
[BlackElo "2417"]

1. d4 Nf6 2. c4 g6 3. Nc3 Bg7 4. e4 d6 5. Nge2 O-O 6. Ng3 e5 7. d5 a5 8. Be2 Na6 9. h4 h5 10.
Bg5 Bd7 11. Qd2 Nc5 12. O-O Qe8 13. f4 exf4 14. Qxf4 Nh7 15. Bh6 Qe5 16. Bxg7 Qxf4 17. Rxf4 Kxg7 18. Raf1 Rae8 19. a3 a4 20. Nh1 Re7 21. Nf2 Rfe8 22. Nd3 Nxd3 23. Bxd3 f6 24. Bc2 Ra8 25. Ne2 b5 26. Bd3 bxc4 27. Bxc4
Rb8 28. Rb1 c6 29. Nd4 cxd5 30. Bxd5 Ree8 31. Rf2 Rec8 32. Rc2 Rxc2 33. Nxc2 f5 34. Nd4 Nf6 35. Bc6 fxe4 36. Bxd7 Nxd7 37. Rf1 Nc5 38. Rf2 d5 39. Rc2 Nd3 40. Rc7+ Kf6 41. Rc6+ Ke5 42. Ne6 Rxb2 43. Nc7 Nf4 44. Rc5 Rxg2+ 0-1

[Event "MČR v bleskovém šachu družstev 2019"]
[Site "Teplice, Czech Republic"]
[Date "2019.09.14"]
[Round "3.7"]
[White "Dolezal, Radoslav"]
[Black "Chmel, Kristian"]
[Result "1-0"]
[TimeControl "3 mim. + 2 s"]
[WhiteTitle "IM"]
[WhiteFideId "304735"]
[BlackFideId "344281"]
[WhiteElo "2359"]
[BlackElo "2097"]

1. d4 Nf6 2. Bg5 Ne4 3. Bf4 c5 4. f3 Nf6 5. d5 g6 6. c4 Bg7 7. Nc3 O-O 8. e4 d6 9. Bd3 e6 10. Nge2 exd5 11. cxd5 a6 12. a4 Nbd7 13. Bxd6 Re8 14.
a5 b5 15. O-O c4 16. Bc2 Bb7 17. Kh1 Ne5 18. Bb4 Nh5 19. Qd2 Qh4 20. Rad1 Rad8 21. Qe1 Qf6 22. Qf2 Bh6 23. Bc5 Qg7 24.
Bd4 f6 25. Na2 g5 26. Nb4 g4 27.
f4 g3 28. Nxg3 Ng4 29. Qf3 Bc8 30.
Nxh5 Qg6 31. Ng3 Rf8 32. f5 Qg5 33. Nc6 Qh4 34. h3 Rd7 35. Qxg4+ Qxg4 36. hxg4 Rg7 37. Nh5 Rxg4 38. Nxf6+ Rxf6 39. Bxf6 Rg3 40. Be5 Rg4 41. Ne7+ Kf7 42. Nxc8 Rh4+ 43.
Bh2 1-0

[Event "MČR v bleskovém šachu družstev 2019"]
[Site "Teplice, Czech Republic"]
[Date "2019.09.14"]
[Round "3.8"]
[White "Routner, Jakub"]
[Black "Postupa, Pavel"]
[Result "1/2-1/2"]
[TimeControl "3 mim. + 2 s"]
[WhiteFideId "322245"]
[BlackFideId "326410"]
[WhiteElo "2138"]
[BlackElo "2184"]

1. e4 c5 2. Nc3 d6 3.
g3 g6 4. Bg2 Bg7 5. d3 Nc6 6. Be3 Rb8 7. Qd2 e6 8. Nge2 b5 9. Nd1 b4 10.
f4 Nge7 11. O-O f5 12. e5 O-O 13. exd6 Qxd6 14. c3 Nd5 15. Bf2 Ba6 16. Ne3 Rfd8 17. Nxd5 exd5 18. Rfe1 Bf6 19. Kh1 Kg7 20. Ng1 Rd7 21. Nf3 bxc3 22.
bxc3 Rdb7 23. Rac1 Rb2 24. Rc2 Rb1 25. Rcc1 R8b2 26. Rxb1 Rxd2 27. Nxd2 Bxd3 28. Rbc1 Be4 29. c4 Bxg2+ 30. Kxg2 d4 31. Nf3 Nb4 32. Re2 d3 33. Rd2 Nc6 34.
Rcd1 Nb4 35. Ne1 Qc6+ 36. Kg1 Bd4 37. Nxd3 Nxd3 38. Rxd3 Qe4 39. Bxd4+ cxd4 40. Rxd4 Qe3+ 41. Kg2 Qe2+ 42. Kg1 Qe3+ 43. Kg2 Qe2+ 1/2-1/2

[Event "MČR v bleskovém šachu družstev 2019"]
[Site "Teplice, Czech Republic"]
[Date "2019.09.14"]
[Round "3.9"]
[White "Liska, Jiri"]
[Black "Babicka, Michal"]
[Result "1-0"]
[TimeControl "3 mim. + 2 s"]
[WhiteTitle "FM"]
[WhiteElo "2241"]
[BlackElo "2076"]

1. c4 e5 2. Nc3 Nf6 3. g3 d5 4. cxd5 Nxd5 5. Bg2 Nb6 6. d3 Nc6 7. a3 Be7 8. b4 a6 9. Bb2 O-O 10. Nf3 Be6 11. O-O f5 12. Rc1 Bf6 13.
Nd2 Nd5 14. Nb3 Nxc3 15. Bxc3 e4 16. Nc5 Bc8 17. Qb3+ Kh8 18. dxe4 Bxc3 19. Qxc3 fxe4 20. Nxe4 Qe7 21. h4 h6 22.
Rcd1 Rf7 23. Qc5 Bf5 24. Qxe7 Rxe7 25. Nc5 Rb8 26. Nxb7 Ne5 27. Nc5 Nc4 28. Nxa6 Rb6 29. Nc5 Rxe2 30. Ra1 Rb2 31. Na4 Re6 1-0

[Event "MČR v bleskovém šachu družstev 2019"]
[Site "Teplice, Czech Republic"]
[Date "2019.09.14"]
[Round "3.10"]
[White "Mach, Petr"]
[Black "Vltavsky, Vladimir"]
[Result "1-0"]
[TimeControl "3 mim. + 2 s"]
[WhiteElo "1961"]
[BlackElo "2252"]

1. Nf3 Nf6 2. c4 e6 3. Nc3 c5 4.
d4 cxd4 5. Nxd4 a6 6. Bg5 Nc6 7. e3 Be7 8. Be2 O-O 9. O-O h6 10. Bh4 d5 11. cxd5 Nxd5 12. Bxe7 Ncxe7 13. Nxd5 Nxd5 14.
Rc1 e5 15. Nf3 e4 16. Nd4 Bd7 17. Qb3 Nf6 18. Qxb7 Rb8 19. Qxa6 Rxb2 20. Rb1 Qb8 21. Rxb2 Qxb2 22. Bc4 Bc8 23. Qa7 Bb7 24. Nf5 Kh7 25. Nd6 Bd5 1-0

[Event "MČR v bleskovém šachu družstev 2019"]
[Site "Teplice, Czech Republic"]
[Date "2019.09.14"]
[Round "3.11"]
[White "Marsalek, Zdenek"]
[Black "Kovar, Vojtech"]
[Result "1-0"]
[TimeControl "3 mim. + 2 s"]
[WhiteElo "2272"]
[BlackElo "2247"]

1. d4 d5 2. Nf3 Nf6 3. g3 c6 4. Bg2 h5 5. c4 dxc4 6. a4 Bf5 7. Na3 e6 8. Nxc4 Nbd7 9. Qb3 Nb6 10. O-O Nxc4 11.
Qxc4 Qd5 12. b3 Be4 13. Bf4 a5 14.
Rfd1 Bb4 15. Rac1 Rd8 16. Be5 O-O 17. Bxf6 gxf6 18. Nh4 Bxg2 19. Nxg2 Qxc4 20. bxc4 Kg7 21. h4 Rd7 22. Nf4 Kh6 23.
d5 Rfd8 24. e4 e5 25. Nd3 c5 26. Kg2 b6 27. Rc2 Re8 28. Nc1 Rd6 29. Rd3 f5 30. exf5 e4 31. Re3 Rf6 32. Rce2 Rxf5 33. Rxe4 Rxe4 34. Rxe4 Rf6 35. Nd3 Bc3 36. Nf4 Bd4 37.
Re8 b5 38. axb5 Rb6 39. Ra8 Bc3 40. Nd3 Bb4 41. Ra6 1-0

[Event "MČR v bleskovém šachu družstev 2019"]
[Site "Teplice, Czech Republic"]
[Date "2019.09.14"]
[Round "3.12"]
[White "Ocelak, Jakub"]
[Black "Duran, Tomas"]
[Result "0-1"]
[TimeControl "3 mim. + 2 s"]
[WhiteElo "1705"]
[BlackElo "2135"]

1. e4 d6 2. d4 Nf6 3. Nc3 e5 4. dxe5 dxe5 5.
Qxd8+ Kxd8 6. Bg5 Be6 7. Nf3 Nbd7 8. O-O-O Bd6 9. Be2 a6 10. Bxf6+ gxf6 11. Nh4 Bc5 12.
Rhf1 Rg8 13. g3 Bh3 14. Rh1 Bxf2 15. Bf1 Bg4 16.
Rd3 Ke8 17. Nd5 Rc8 18. h3 Be6 19. Rh2 Bxg3 20. Rg2 Bxd5 21. exd5 Bf4+ 22. Kb1 Rxg2 23. Nxg2 Bh6 24. Rg3 Kf8 25. Bd3 Nb6 26. Bxh7 Ke7 27.
Nh4 Bf4 28. Nf5+ Kd7 29. Rd3 Rh8 30. b3 Rxh7 31. c4 Nc8 32.
Kc2 b6 33. b4 Rh5 34. Ng7 Rg5 35. c5 Rxg7 36. cxb6 Nxb6 37. Kb3 Kd6 38. a4 Rg3 0-1

[Event "MČR v bleskovém šachu družstev 2019"]
[Site "Teplice, Czech Republic"]
[Date "2019.09.14"]
[Round "3.13"]
[White "Krejci, Jan"]
[Black "Bernasek, Jan"]
[Result "1/2-1/2"]
[TimeControl "3 mim. + 2 s"]
[WhiteTitle "GM"]
[BlackTitle "GM"]
[WhiteFideId "322156"]
[BlackFideId "311995"]
[WhiteElo "2527"]
[BlackElo "2526"]

1. c4 c5 2. Nf3 Nc6 3. g3 g6 4. Bg2 Bg7 5.
O-O e6 6. d3 Nge7 7. Nc3 d5 8.
cxd5 exd5 9. Bf4 O-O 10. Qc1 Re8 11. Nb5 Qb6 12. Nc7 Be6 13. Nxa8 Rxa8 14. Rb1 d4 15. a3 Re8 16. Bd6 Nf5 17.
Bxc5 Qb5 18. Nd2 Rc8 19. Ne4 Ne5 20. Qf4 Rxc5 21. Nxc5 Qxc5 22. Rfc1 Qb6 23. b4 h5 24. Rc5 Nd7 25. Rc2 Nf6 26. Qc7 Bd5 27.
Qxb6 axb6 28. Rc7 Nd6 29. Rbc1 Bxg2 30. Kxg2 Nd5 31. Rd7 Bf8 32.
Rc4 Nf6 33. Rd8 Nxc4 34. dxc4 Kg7 35. Rxd4 Be7 36. e4 Kf8 37. e5 Ng4 38. Rd5 Ke8 39.
h3 Nh6 40. Rb5 Bd8 41. c5 Nf5 42. cxb6 Nd4 43. Rd5 Nc2 44. a4 Nxb4 45. Rb5 Nc6 46. a5 Kd7 47. Rd5+ Kc8 48. f4 Be7 49. g4 hxg4 50. hxg4 Bb4 51. f5 gxf5 52.
gxf5 Bxa5 53. Rb5 Bb4 54. Kg3 Bc3 55.
Kf4 Kd7 56. Rd5+ Ke7 57. f6+ Ke8 58.
Kf5 Ba5 59. e6 fxe6+ 60. Kxe6 Bxb6 61. Rh5 Nd8+ 62. Kd6 Kf7 63. Rb5 Bd4 64. Kd7 Bxf6 65.
Kc7 Ke8 66. Rxb7 Be5+ 67. Kc8 Nxb7 68.
Kxb7 1/2-1/2

[Event "MČR v bleskovém šachu družstev 2019"]
[Site "Teplice, Czech Republic"]
[Date "2019.09.14"]
[Round "3.14"]
[White "Cernousek, Lukas"]
[Black "Sorm, Daniel"]
[Result "0-1"]
[TimeControl "3 mim. + 2 s"]
[WhiteTitle "IM"]
[BlackTitle "FM"]
[WhiteFideId "311707"]
[BlackFideId "5400139"]
[WhiteElo "2473"]
[BlackElo "2310"]

1. Nf3 d5 2. e3 c5 3. b3 Nc6 4.
Bb2 e6 5. Bb5 Nge7 6. d4 cxd4 7. Nxd4 a6 8.
Be2 Ng6 9. O-O Bd6 10. c4 O-O 11. cxd5 exd5 12. Nc3 Be6 13. Rc1 Qe7 14. Bf3 Rad8 15. g3 Nge5 16. Bg2 Nxd4 17. Qxd4 Nc6 18.
Nxd5 Qg5 19. Qe4 Be5 20. Nf4 Bxb2 21. Nxe6 fxe6 22. Qxe6+ Kh8 23. Rc2 Qf6 24. Qc4 Rc8 25. Qa4 Be5 26. Rfc1 Qd6 27. Bh3 Rc7 28. f4 Bf6 29. e4 Qd4+ 30.
Qxd4 Bxd4+ 31. Kg2 Re7 32. e5 g5 33. Rf1 gxf4 34. gxf4 Ref7 35. Kg3 Nxe5 36. Rd1 Nc6 37. Be6 Re7 38. f5 Be5+ 39.
Kf3 Nd4+ 40. Rxd4 Bxd4 41. Ke4 Bb6 42. Kd5 Kg7 43. Rg2+ Kf6 44. h4 Rd8+ 45.
Ke4 Rg7 46. Rc2 Rd4+ 47. Kf3 Rd8 48. h5 Rc7 49. Rg2 Rd3+ 50.
Ke4 Rd4+ 51. Kf3 Rc2 52. Rg5 Rg2 0-1

[Event "MČR v bleskovém šachu družstev 2019"]
[Site "Teplice, Czech Republic"]
[Date "2019.09.14"]
[Round "3.15"]
[White "Strasil, Pavel"]
[Black "Vrbata, Zbynek"]
[Result "0-1"]
[TimeControl "3 mim. + 2 s"]
[BlackTitle "FM"]
[WhiteFideId "308013"]
[BlackFideId "301256"]
[WhiteElo "2026"]
[BlackElo "2324"]

1. d4 Nf6 2. c4 g6 3. Nc3
Bg7 4. e4 O-O 5. Be2 d6 6. Bg5 Nbd7 7. h4 h6 8. Be3 h5 9. Nh3 c5 10. d5 Ne5 11. f3 a6 12. Qd2 b5 13. Bh6 bxc4 14. Bxg7 Kxg7 15. Ng5 Rb8 16. g4 hxg4 17. f4 Nd3+ 18. Bxd3 cxd3 19. Qxd3 Rxb2 20. Rb1 Rxb1+ 21. Nxb1
Qa5+ 22. Qd2 Qa4 23. Nc3 Qc4 24. e5 Nh5 25. Rf1 Bf5 0-1

[Event "MČR v bleskovém šachu družstev 2019"]
[Site "Teplice, Czech Republic"]
[Date "2019.09.14"]
[Round "3.16"]
[White "Kuba, Jindrich"]
[Black "Krejci, Jan"]
[Result "1/2-1/2"]
[TimeControl "3 mim. + 2 s"]
[WhiteTitle "FM"]
[WhiteFideId "318248"]
[BlackFideId "316873"]
[WhiteElo "2223"]
[BlackElo "2048"]

1. e4 e5 2. Nf3 Nf6 3. Nc3 Nc6 4. Bb5 Bb4 5. d3 Nd4 6.
Ba4 b5 7. Bb3 Nxb3 8. axb3 d6 9. h3 O-O 10. O-O c6 11. Be3 a6 12. Ne2 h6 13. Ng3 Be6 14. Nd2 Ba5 15. Kh2 Bc7 16. f4 exf4 17. Bxf4 d5 18. e5 Nd7 19. d4 c5 20. c3 cxd4 21. cxd4 f6 22. Nf3 fxe5 23. Bxe5 Nxe5 24. Nxe5 Qg5 25. Qe2 Bxe5 26. Qxe5 Qxe5 27.
dxe5 Rxf1 28. Rxf1 Rc8 29. Ne2 Rf8 30.
Kg1 Rxf1+ 31. Kxf1 Kf7 32. Nd4 Bd7 33. Kf2 Ke7 34. Ke3 g6 35. h4 h5 36. g3 Bh3 37. Kf4 Bf1 38. g4 hxg4 39. Kxg4 a5 40. Nc6+ Ke6 41. Kf4 a4 42. bxa4 bxa4 43.
Nd4+ Ke7 44. Kg5 Bd3 45. Kf4 Bb1 46. Ne2 Ke6 47. Nc3 Bc2 48. Nb5 Ke7 49. Nc7 d4 50. Nb5 d3 51. Ke3 Ke6 52. Nd4+ Kxe5 53. Nf3+ Kf5 54. Kd2 Kg4 55. Ne5+ Kh5 56. Kc3 1/2-1/2

[Event "MČR v bleskovém šachu družstev 2019"]
[Site "Teplice, Czech Republic"]
[Date "2019.09.14"]
[Round "3.17"]
[White "Vykouk, Jan"]
[Black "Vojta, Tomas"]
[Result "1-0"]
[TimeControl "3 mim. + 2 s"]
[WhiteTitle "IM"]
[BlackTitle "FM"]
[BlackFideId "308781"]
[WhiteElo "2439"]
[BlackElo "2353"]

1. e4 d5 2. exd5 Nf6 3.
Bb5+ Nbd7 4. Nf3 Nxd5 5. d4 c6 6. Be2 g6 7. c4 N5f6 8. Nc3 Bg7 9. O-O O-O 10. Bf4 Nh5 11. Be3 Qc7 12. Qd2 b6 13. d5 Bb7 14. dxc6 Qxc6 15. Nd5 Qd6 16. Rfd1 Nc5 17. Qc2 Bxd5 18. Rxd5 Qc7 19.
Rad1 Nf4 20. R5d2 Nxe2+ 21. Rxe2 Rfd8 22. Red2 Rxd2 23. Rxd2 Rc8 24. b3 a5 25. h3 a4 26. b4 Ne6 27.
Qxa4 Qxc4 28. Bxb6 Qc1+ 29. Rd1 Qb2 30. Be3 Bc3 31. a3 Bf6 32. Qa6 Rc2 33. b5 Nf4 34. Bxf4 Rxf2 35. Qc8+ Kg7 36. Rd2 Rxd2 37. Bxd2 Qxb5 38.
Qc2 h5 39. a4 Qe2 40. Qc1 Qa6 41. Qc2 h4 42. Be3 Qe6 43. Qf2 Qa6 44. Bd4 Qxa4 45. Bxf6+ exf6 46. Qxh4 Qd1+ 47. Qe1 Qd3 48.
Qf1 Qe3+ 49. Kh1 Qf4 50. Qf2 Qc1+ 51. Kh2 Qf4+ 52. Qg3 Qc4 53. Nh4 Qd5 54.
Nf3 Qf5 55. Qg4 Qd5 56. Qf4 Qb5 57.
h4 Qc5 58. g4 Qf2+ 59. Kh3 Qf1+ 60. Kg3 Qd3 61. g5 fxg5 62. hxg5 Qd5 63. Qf6+ Kg8 64. Ne5 Qb3+ 65. Kf4 Qb4+ 66. Ke3 Qc3+ 67. Ke4 Qb4+ 68. Kd5 Qb5+ 69. Kd6 Qb6+ 70. Ke7 Qc5+ 71. Qd6 Qf2 72. Qd8+ Kh7 73. Nxf7 Qc5+ 74. Qd6 Qa7+ 75. Qd7 Qe3+ 76. Kf8 Qc5+ 77.
Nd6+ 1-0

[Event "MČR v bleskovém šachu družstev 2019"]
[Site "Teplice, Czech Republic"]
[Date "2019.09.14"]
[Round "3.18"]
[White "Zeman, Matyas"]
[Black "Studnicka, Tomas"]
[Result "0-1"]
[TimeControl "3 mim. + 2 s"]
[BlackTitle "IM"]
[WhiteFideId "364398"]
[WhiteElo "2094"]
[BlackElo "2215"]

1. e4 e5 2. Nf3 Nf6 3.
Nxe5 d6 4. Nf3 Nxe4 5. Bd3 Nf6 6. O-O Be7 7. c3 O-O 8.
Bc2 Bg4 9. d4 Nbd7 10. h3 Bh5 11.
Bf4 Re8 12. Nbd2 a5 13. a4 Nf8 14. Re1 Qd7 15. Qb1 Bg6 16. Bxg6 Nxg6 17. Bg3 b6 18. Qd3 Qc6 19. Ne4 Nxe4 20.
Qxe4 Qd7 21. Qd3 Bf6 22. d5 Rxe1+ 23. Rxe1 Qxa4 24. Kh2 Re8 25. Rxe8+ Qxe8 26. Qc4 Qe7 27. Nd4 Bxd4 28. Qxd4 h6 29. f4 Qd7 30.
Bf2 Ne7 31. g4 Qb5 32. c4 Qc5 33. Qxc5 dxc5 34. b3 Nc8 35. f5 Nd6 36. Bg3 Kf8 37.
Bxd6+ cxd6 38. Kg3 Ke7 39.
Kf4 Kf6 40. h4 g5+ 41. hxg5+ hxg5+ 42. Ke4 Ke7 43. Kd3 f6 44. Kc3 Kd7 45. Kb2 Kc7 46. Ka3 Kb7 47. Ka4 Ka6 48. Ka3 b5 49. Ka2 a4 0-1

[Event "MČR v bleskovém šachu družstev 2019"]
[Site "Teplice, Czech Republic"]
[Date "2019.09.14"]
[Round "3.19"]
[White "Cech, Pavel"]
[Black "Svanda, Ondrej"]
[Result "1/2-1/2"]
[TimeControl "3 mim. + 2 s"]
[WhiteTitle "IM"]
[BlackTitle "FM"]
[BlackFideId "359670"]
[WhiteElo "2387"]
[BlackElo "1924"]

1. d4 Nf6 2. Bg5 c5 3. Bxf6 exf6 4. d5 f5 5. c4 d6 6. Nc3 g6 7. g3 Bg7 8. Bg2 O-O 9. Nf3 Nd7 10. O-O Nf6 11. Qc2 Re8 12.
Nd2 Bd7 13. e3 a6 14. a4 b6 15. Rab1 a5 16. Nb5 Bxb5 17. axb5 Qe7 18. b3 Ne4 19. Rbe1 Nxd2 20. Qxd2 Qf6 21.
Qa2 Ra7 22. Re2 Rae7 23. Rfe1 Qc3 24. Qc2 Qxc2 25. Rxc2 h5 26. h4 Bf6 27. Rd1 Kg7 28. Ra2 1/2-1/2

[Event "MČR v bleskovém šachu družstev 2019"]
[Site "Teplice, Czech Republic"]
[Date "2019.09.14"]
[Round "3.21"]
[White "Trepka, Jan"]
[Black "Novotny, Michal"]
[Result "0-1"]
[TimeControl "3 mim. + 2 s"]
[BlackTitle "FM"]
[WhiteFideId "322814"]
[BlackFideId "310980"]
[WhiteElo "2186"]
[BlackElo "2299"]

1. d4 e6 2. c4 d5 3. a3 Nf6 4. Nc3 Nc6 5. Nf3 a6 6. c5 Ne4 7. Qc2 f5 8.
Bf4 Be7 9. e3 O-O 10. h4 Bf6 11. Be2 Bd7 12. b4 Ne7 13. Nxe4 dxe4 14. Ne5 Nd5 15. Bg3 Bb5 16. Bc4 Bxc4 17.
Qxc4 c6 18. h5 Qe7 19. a4 Rad8 20. b5 axb5 21. axb5 Bxe5 22. Bxe5 f4 23. exf4 Nxf4 24. Bxf4 Rxf4 25. bxc6 bxc6 26. h6 Qf6 27. O-O Qxh6 28. g3 Rf3 29. Ra6 e3 30. Rxc6 exf2+ 31. Rxf2 Rxg3+ 32. Kf1 Qh1+ 33. Ke2 Qxc6 0-1

[Event "MČR v bleskovém šachu družstev 2019"]
[Site "Teplice, Czech Republic"]
[Date "2019.09.14"]
[Round "3.22"]
[White "Rolinek, Dominik"]
[Black "Ruzicka, Ales"]
[Result "1/2-1/2"]
[TimeControl "3 mim. + 2 s"]
[WhiteFideId "384569"]
[BlackFideId "325252"]
[WhiteElo "1885"]
[BlackElo "2102"]

1. d4 Nf6 2. Bf4 d5 3. Nf3 e6 4. e3 c5 5. c3 Nc6 6. Nbd2 Bd6 7. Bg3 O-O 8. Bd3 h6 9. Ne5 Bxe5 10. dxe5 Nd7 11. f4 f5 12.
exf6 Nxf6 13. O-O b6 14. Nf3 Bb7 15. Qc2 c4 16. Be2 Ne4 17. Nd4 Nxd4 18. exd4 b5 19. Rae1 Qf6 20. Bg4 Qg6 21.
Qe2 a5 22. Bh4 Qf7 23. Bh5 g6 24. Bg4 b4 25. Qe3 Kh7 26. Bd1 Bc6 27. Bc2 Rab8 28. Bg3 bxc3 29. bxc3 Rb2 30. Bb1 Rfb8 31.
f5 exf5 32. Bxb8 Rxb8 33. Bxe4 dxe4 34.
Qf4 Qa7 35. Qd6 Be8 36. Rb1 Rxb1 37. Rxb1 Bf7 38. Rb6 e3 39. Kf1 e2+ 40. Kxe2 Qa8 41. Qc6 Qd8 42. Rb7 Kg7 43. Qd7 Qf8 44. Ke3 1/2-1/2

[Event "MČR v bleskovém šachu družstev 2019"]
[Site "Teplice, Czech Republic"]
[Date "2019.09.14"]
[Round "3.23"]
[White "Loskot, Petr"]
[Black "Richtr, Zdenek"]
[Result "1/2-1/2"]
[TimeControl "3 mim. + 2 s"]
[WhiteFideId "319570"]
[BlackFideId "301248"]
[WhiteElo "2010"]
[BlackElo "2138"]

1. e4 c5 2. Nf3 Qc7 3.
Nc3 e6 4. d4 cxd4 5. Nxd4 a6 6. Be2 Nc6 7. Nxc6 dxc6 8.
O-O Nf6 9. Bg5 Be7 10. Bf3 e5 11. Bxf6 Bxf6 12. Bg4 O-O 13. Bxc8 Raxc8 14. Qg4 Rcd8 15. Rad1 g6 16. Rxd8 Rxd8 17. Rd1 Rd4 18. Qf3 Bg7 19. Kf1 Qd6 20. Ke1 c5 21. Rd3 b5 22. Ne2 Rxd3 23. Qxd3 Qxd3 24.
cxd3 Kf8 25. Nc3 Ke7 26. Nd5+
1/2-1/2

[Event "MČR v bleskovém šachu družstev 2019"]
[Site "Teplice, Czech Republic"]
[Date "2019.09.14"]
[Round "3.24"]
[White "Hosnedl, Matyas"]
[Black "Meszaros, Ludek"]
[Result "1-0"]
[TimeControl "3 mim. + 2 s"]
[WhiteFideId "390011"]
[BlackFideId "308153"]
[WhiteElo "1852"]
[BlackElo "2070"]

1. e4 e5 2. Nf3 Nc6 3. Bb5 a6 4. Ba4 Nf6 5. O-O Be7 6. c3 Nxe4 7. Re1 Nc5 8. Bxc6 dxc6 9. Nxe5 O-O 10. d4 Ne6 11. Nd2 Bd6 12. Ndf3 f6 13. Nd3 Bd7 14. Qb3 Re8 15. Bf4 Kh8 16. Bxd6 cxd6 17. Qxb7 Qc8 18. Qxc8 Rexc8 19. Re2 c5 20.
d5 Nc7 21. c4 Bg4 22. Re7 Bxf3 23. gxf3 a5 24. Rae1 h6 25. Rd7 Na6 26. Ree7 Rg8 27. Nf4 Rae8 28. Rxe8 Rxe8 29.
Ne6 Nb4 30. Rxd6 Nxa2 31. Kf1 Nc1 32. Nxc5 Rb8 33. Ra6 Rxb2 34. d6 Rd2 35. d7 Rd1+ 36. Kg2 Ne2 37. f4 Nxf4+ 38. Kf3 g5 39. Ra8+ Kg7 40. d8=Q Rxd8 41. Rxd8 Ng6 42. Ra8 Ne5+ 43. Ke4 Nxc4 44. Kd4 Nd2 45. Rxa5 Nf3+ 46. Ke3 Nxh2 47. f3 Kg6 48. Ne4 Nf1+ 49. Kf2 Nh2 50. Kg2 f5 51. Ra6+ Kh5 52. Nf6+ Kh4 53. Kxh2 g4 54. fxg4 fxg4 55. Nxg4 h5 56. Nf6 Kg5 57. Nxh5 Kxh5 58. Kg3 1-0

[Event "MČR v bleskovém šachu družstev 2019"]
[Site "Teplice, Czech Republic"]
[Date "2019.09.14"]
[Round "3.25"]
[White "Istona, Martin"]
[Black "Vanecek, Jiri"]
[Result "1-0"]
[TimeControl "3 mim. + 2 s"]
[WhiteTitle "FM"]
[WhiteFideId "14923475"]
[BlackFideId "305332"]
[WhiteElo "2078"]
[BlackElo "1999"]

1. e4 e5 2. Nf3 Nc6 3. d4 exd4 4. Nxd4 Qh4 5. Nc3 Bb4 6. Be2 Qxe4 7. Ndb5 Bxc3+ 8. bxc3 Kd8 9. O-O a6 10. Nd4 Nf6 11. Bf3 Qf5 12. Nxf5 Ng8 1-0

[Event "MČR v bleskovém šachu družstev 2019"]
[Site "Teplice, Czech Republic"]
[Date "2019.09.14"]
[Round "3.26"]
[White "Zacek, Petr"]
[Black "Markovic, Milan"]
[Result "0-1"]
[TimeControl "3 mim. + 2 s"]
[WhiteFideId "320501"]
[BlackFideId "305103"]
[WhiteElo "2009"]
[BlackElo "2113"]

1. d4 Nf6 2. Nf3 g6 3. c4 Bg7 4. Nc3 d5 5. Bf4 c5 6. e3 Qa5 7. Qc2 Nc6 8. dxc5 dxc4 9. Bxc4 Qxc5 10. Bd3 O-O 11. O-O Bg4 12. a3 e5 13.
Bg3 Rfe8 14. e4 Bxf3 15. gxf3 Nd4 16. Qd1 Rad8 17. Rc1 Qe7 18. Kg2 Bh6 19. Ra1 Nh5 20. Ne2 Qf6 21. Ng1 Nf4+ 22. Kh1 Re6 23. Qe1 Nxd3 24.
Qd1 Nf4 25. Re1 Bf8 26. Rc1 Rc6 27. Qa4 a6 28. Rcd1 Rdc8 29. Rd2 Nfe6 30. Qa5 b5 31. Rd3 Nc5 32. Rc3 Nb7 33. Qb4 Bxb4 0-1

[Event "MČR v bleskovém šachu družstev 2019"]
[Site "Teplice, Czech Republic"]
[Date "2019.09.14"]
[Round "3.27"]
[White "Srba, Milan"]
[Black "Ruzicka, Milos"]
[Result "1-0"]
[TimeControl "3 mim. + 2 s"]
[WhiteFideId "321575"]
[BlackFideId "368784"]
[WhiteElo "2195"]
[BlackElo "1933"]

1. e4 e5 2. Nf3 Nc6 3. d4 exd4 4. Nxd4 Bc5 5. Nb3 Bb6 6. Nc3 d6 7. Bf4 Nf6 8. Qd2 Be6 9. O-O-O Qd7 10. f3 h6 11. g4 O-O-O 12. Bb5 Bxb3 13.
cxb3 Ba5 14. a3 a6 15. Bc4 Rhf8 16. b4 Bb6 17. Kb1 Nd4 18. Rhf1 c5 19. Na2 Qa4 20. Rc1 g5 21. Bg3 Kb8 22.
bxc5 Bxc5 23. Bxa6 Qxa6 24. Rxc5 Ne6 25. Rcc1 h5 26. Nb4 Qa7 27. Bxd6+ Ka8 28. Rfd1 hxg4 29. e5 Ne8 30. fxg4 Nxd6 31. exd6 Rd7 1-0

[Event "MČR v bleskovém šachu družstev 2019"]
[Site "Teplice, Czech Republic"]
[Date "2019.09.14"]
[Round "3.28"]
[White "Trejbal, Jindrich"]
[Black "Svatos, Jan"]
[Result "1/2-1/2"]
[TimeControl "3 mim. + 2 s"]
[BlackTitle "FM"]
[WhiteFideId "368792"]
[BlackFideId "304174"]
[WhiteElo "1979"]
[BlackElo "2183"]

1. e4 e5 2. Nf3 Nc6 3.
Bc4 Be7 4. d4 exd4 5. Nxd4 d6 6.
O-O Nf6 7. Nc3 O-O 8. Bg5 Ne5 9.
Be2 h6 10. Bh4 a6 11. h3 Ng6 12. Bg3 c5 13. Nf3 b5 14. Qd3 c4 15. Qe3 Nh5 16. Bh2 Bb7 17. Rad1 Qc7 18. Nd5 Bxd5 19. exd5 Nf6 20. Rfe1 Rfe8 21.
Qd2 Ne4 22. Qc1 Bf6 23. Nd4 Bxd4 24. Rxd4 Nc5 25. Bf3 Nh4 26. Bg4 Rxe1+ 27. Qxe1 Ng6 28. f4 Kf8 29. Rd2 Re8 30. Re2 Rxe2 31. Qxe2 Qe7 32. Kf2 Ne4+ 33.
Ke1 c3 34. b3 Nh4 35. Bg1 f5 36. Bf3 Nxf3+ 37. gxf3 Nf6 38. Qxe7+ Kxe7 39. Ke2 Nxd5 40. Bd4 Nxf4+ 41. Kf2 b4 42.
Bxg7 h5 43. h4 Ne6 44. Bh6 f4 45. Ke2 Nd4+ 46. Kd3 Nxf3 47. Bxf4 Ke6 48. Kc4 Nxh4 49. Kxb4 Ng2 50. Bh2 Ne3 51.
Kxc3 h4 52. Kd3 Nd5 53. a3 h3 54. c4 Nf6 55. b4 Ng4 56.
Bg3 h2 57. Bxh2 Nxh2 58. b5 Kd7 59. bxa6 Kc6 60. Ke4 Ng4 61. a7 Kb7 62. Kd5 Kxa7 63. Kxd6 Kb7 64. c5 Nf6 65. c6+ Kc8 66. a4 Ne8+ 67. Kc5 Nc7 68. Kb6 1/2-1/2

[Event "MČR v bleskovém šachu družstev 2019"]
[Site "Teplice, Czech Republic"]
[Date "2019.09.14"]
[Round "4.1"]
[White "Kociscak, Jiri"]
[Black "Jirovsky, Milos"]
[Result "0-1"]
[TimeControl "3 mim. + 2 s"]
[WhiteTitle "IM"]
[BlackTitle "GM"]
[WhiteFideId "322121"]
[BlackFideId "303224"]
[WhiteElo "2417"]
[BlackElo "2499"]

1. d4 d5 2. c4 e6 3. Nf3 Nf6 4. g3 Bb4+ 5. Bd2 Be7 6. Bg2 O-O 7. O-O Nbd7 8. Qc2 c6 9. Bf4 b6 10. Rd1 Bb7 11. Nc3 Nh5 12. Bc1 f5 13. e3 Rc8 14. b3 Bd6 15.
Bb2 Qe7 16. Ne2 c5 17. dxc5 Bxc5 18. Nfd4 Ndf6 19. Rac1 Ne4 20. Qd3 e5 21. Nxf5 Rxf5 22. cxd5 Nd6 23. g4 Rg5 24. gxh5 Rxh5 25.
Ng3 Rg5 26. a3 a5 27. Qd2 b5 28. Qxa5 h5 29. b4 Ra8 30. Rxc5 Rxa5 31. bxa5 h4 32. a6 Bxa6 33. Rc6 Bb7 34. Rxd6 Qxd6 35. Ne4 Rxg2+ 36. Kxg2 Qg6+ 37. Kf3 Qh5+ 0-1